 Dungeon Crawl Stone Soup version 0.30-b1-2-g02819fbbbe (webtiles) character file.

Game seed: 6318197436083406676

22 Alarkh the Sneak (level 2, 24/24 HPs)
             Began as a Demonspawn Delver on May 22, 2023.
             Got out of the dungeon alive.
             The game lasted 00:02:10 (565 turns).

Alarkh the Sneak (Demonspawn Delver)                 Turns: 565, Time: 00:02:11

Health: 24/24      AC:  4    Str: 12    XL:     2   Next: 68%
Magic:  2/2        EV: 11    Int: 11    God:
Gold:   40         SH:  4    Dex: 14    Spells: 1/1 levels left

rFire   . .          .
                       - Unarmed
rCold   . . .        (no shield)
rNeg    . . .        a - +0 leather armour
rPois   .            e - +0 helmet
rElec   .            (no cloak)
rCorr   .            (no gloves)
SInv    .            (no boots)
Will    .....        (no amulet)
Stlth   ++           (no ring)
HPRegen 0.24/turn    (no ring)
MPRegen 0.08/turn

%: no passive effects
@: no status effects
A: hooves 1, large bone plates 1, subdued magic 1
a: no special abilities


You escaped.
You visited 1 branch of the dungeon, and saw 5 of its levels.

You collected 40 gold pieces.

Inventory:

Armour
 a - a +0 leather armour (worn)
 e - a +0 helmet (worn)
 g - a +1 robe of positive energy
Wands
 f - a wand of digging (2)
Scrolls
 b - a scroll of fog
 d - a scroll of fear
 h - a scroll of identify
 j - a scroll of enchant armour {unknown}
Potions
 c - a potion of curing
 i - a potion of flight {unknown}


   Skills:
 - Level 3.0 Fighting
 - Level 1.7 Dodging
 - Level 4.5 Stealth
 + Level 3.0 Unarmed Combat


You had one spell level left.
You didn't know any spells.
Your spell library was empty.

Dungeon Overview and Level Annotations

Branches:
Dungeon (5/15)             Temple (0/1) D:5

Altars:


Innate Abilities, Weirdness & Mutations

You have large cloven feet.
You are partially covered in large bone plates. (SH +4)
Your spells are a little easier to cast, but a little less powerful.


Message History

You closely miss the ball python. Your kick misses the ball python.
The ball python misses you. The ball python closely misses you.
You hit the ball python.
You kill the ball python!
Your Unarmed Combat skill increases to level 3!
You hit the ball python.
You kill the ball python!
No target in view!
No target in view!
No target in view!
No target in view!
No target in view!
No target in view!
No target in view!
No target in view!
No target in view!
No target in view!
No target in view!
You open the door.
Found a stone staircase leading down.
There is an open door here.
A frilled lizard comes into view.
A frilled lizard is nearby!
The helpless frilled lizard fails to defend itself.
You hit the frilled lizard.
You kill the frilled lizard!
No target in view!
No target in view!
No target in view!
No target in view!
No target in view!
You enter the shallow water.
Moving in this stuff is going to be slow.
j - a scroll labelled IJOZAR DYITYS You now have 40 gold pieces (gained 12).
Found a staircase leading out of the dungeon.
Found 7 stones.
There is a staircase leading out of the dungeon here.
Are you sure you want to leave the Dungeon?
This will make you lose the game!
You have escaped!

..#### #....### ..#
########## #.... #
######### #.###
##.........## #....
##..#####....## #..##
#..#.....#....### #..#
#..#.......#.....# #..#
#....@....#..#.# #..#
#..#.......#..##.###..##
....#.....#..###........
#.#..#####..## #.#######
...........## #........
##.........# ########.
#########.# #.#
#........


There were no monsters in sight!

Vanquished Creatures
  2 dart slugs
  3 orcs (D:3)
  2 bats
  A goblin (D:1)
  A quokka (D:3)
  2 ball pythons (D:1)
  4 frilled lizards
  A kobold (D:3)
16 creatures vanquished.

Vanquished Creatures (others)
  3 fungi (D:4)
  A plant (D:1)
4 creatures vanquished.

Grand Total: 20 creatures vanquished

Notes
Turn   | Place    | Note
-------+----------+-------------------------------------------
     0 | D:5      | Alarkh the Demonspawn Delver began the quest for the Orb.
     0 | D:5      | Reached XP level 1. HP: 18/18 MP: 1/1
     5 | D:5      | Noticed an orc wizard
     5 | D:5      | Noticed an orc priest
    38 | D:5      | Found a staircase to the Ecumenical Temple.
    39 | D:5      | Noticed a phantom
    39 | D:5      | Noticed an ogre
    54 | D:5      | Noticed a jelly
    64 | D:5      | Noticed a jelly
    76 | D:5      | Noticed an ogre
    84 | D:5      | Noticed a sleepcap
   111 | D:4      | Noticed an ogre
   190 | D:3      | Gained mutation: You have large cloven feet. [demonic
                  | ancestry]
   190 | D:3      | Reached XP level 2. HP: 14/24 MP: 2/2
   238 | D:3      | Gained mutation: Your spells are a little easier to cast,
                  | but a little less powerful. [potion of mutation]
   238 | D:3      | Gained mutation: You are partially covered in large bone
                  | plates. (SH +4) [potion of mutation]
   365 | D:2      | Found a faded altar of an unknown god.
   565 | D:$      | Got out of the dungeon alive.

Illustrated notes

Levels and vault maps discovered:
D:1:      scummos_arrival_hexagon, layout_basic, serial_shops,
          nicolae_shop_behind_doors, serial_bayou, serial_bayou_shore_a,
          serial_bayou_pond_b, serial_bayou_crossing, serial_bayou_lagoon_a
D:2:      layout_basic, dreamdust_ecumenical_altar_grove,
          nicolae_concentric_dashed_squares_wild, minmay_parallelograms
D:3:      layout_loops_ring, nicolae_overflow_ecumenical_swirl, zin_scriptorium,
          hex_medium, minmay_misc_feat_four_crosses, minmay_starry_boxes,
          uniq_sigmund
D:4:      layout_loops_ring, nicolae_vehumet_radiance, serial_aquarium,
          aquarium_bridge_long_separate [aquarium_subvault_window,
          aquarium_subvault_bridge, aquarium_subvault_bridge,
          aquarium_subvault_wall, aquarium_subvault_window,
          aquarium_subvault_bridge], aquarium_window_1, aquarium_window_1,
          aquarium_window_fake, aquarium_view_2e, aquarium_pool_side,
          st_stairs_5, patterned_corridor, uniq_ijyb
D:5:      layout_basic, minmay_temple_entry_stoned_glass, minmay_ogre_servants

Skill      XL: |  1  2 |
---------------+-------+-----
Unarmed Combat | 2 3 |  3.0
Fighting       | |  3.0
Dodging        | |  1.7
Stealth        | |  4.5

Action                     || total
---------------------------++-------
  Melee: Unarmed           ||    52
         Kick              ||     6
         Punch             ||     1
  Evoke: Wand              ||     1
    Use: Potion            ||     3
         Scroll            ||     2
   Stab: Sleeping          ||     2
 Armour: Leather armour    ||    16
  Dodge: Dodged            ||    27
  Block: Other             ||     4
